 Dungeon Crawl Stone Soup version 0.31-a0-968-g24f9ace8b5 (webtiles) character file.

Game seed: 6809950361577680841

1318 LeprechaunX the Changeling (level 8, -3/81 HPs)
             Began as an Octopode Shapeshifter on Oct 27, 2023.
             Was an Initiate of Hepliaklqana.
             Slain by a gnoll
             ... wielding a +0 spear
              (5 damage)
             ... on level 6 of the Dungeon.
             The game lasted 00:09:22 (4879 turns).

LeprechaunX the Changeling (Octopode Shapeshifter)  Turns: 4879, Time: 00:09:23

Health: -3/81      AC: 28    Str: 12    XL:     8   Next: 59%
Magic:  8/8        EV:  2    Int: 11    God:    Hepliaklqana [......]
Gold:   248        SH:  0    Dex: 18    Spells: 7/7 levels left

rFire   . . .        a - +0 sling
rCold   . . .        (no shield)
rNeg    . . .        (helmet currently unavailable)
rPois   +            (no amulet)
rElec   .            h - +4 ring of protection
rCorr   .            n - ring of flight
SInv    .            v - ring of willpower
Will    +....        (no ring)
Stlth   ++           (no ring)
HPRegen 0.33/turn    (no ring)
MPRegen 0.11/turn    (no ring)
                     (no ring)

%: no passive effects
@: mighty, tree-form
A: stationary, stasis, torment immunity, boosted hp, almost no armour,
(amphibious), 8 rings, (camouflage 1), (gelatinous body 1), (nimble swimmer 1),
(tentacles), (beak), agile 1
a: Renounce Religion


You were on level 6 of the Dungeon.
You worshipped Hepliaklqana.
Hepliaklqana was noncommittal.
You were a tree.
You visited 2 branches of the dungeon, and saw 7 of its levels.

You collected 248 gold pieces.

Inventory:

Hand Weapons
 a - a +0 sling (weapon)
Missiles
 p - 2 atropa-tipped darts
 B - 2 javelins
Jewellery
 h - a +4 ring of protection (left branch)
 n - a ring of flight (right branch)
 o - a ring of wizardry
 v - a ring of willpower (on tentacle)
 y - a ring of fire
Talismans
 b - a beast talisman
 c - a flux talisman
 j - a serpent talisman
Wands
 k - a wand of polymorph (11)
Scrolls
 d - 7 scrolls of identify {unknown}
 f - 5 scrolls of teleportation {unknown}
 g - 2 scrolls of silence {unknown}
 i - 2 scrolls of enchant weapon {unknown}
 u - a scroll of vulnerability {unknown}
 x - a scroll of poison {unknown}
 z - a scroll of revelation {unknown}
Potions
 l - a potion of enlightenment {unknown}
 m - 2 potions of curing
 q - a potion of brilliance {unknown}
 r - a potion of haste {unknown}
 t - a potion of might
 A - a potion of ambrosia {unknown}


   Skills:
 + Level 4.4 Fighting
 - Level 2.0 Dodging
 + Level 5.4 Unarmed Combat
 + Level 4.5 Evocations
 * Level 6.6 Shapeshifting


You had 7 spell levels left.
You didn't know any spells.
Your spell library contained the following spells:

 Spells                   Type           Power      Damage    Failure   Level
 Foxfire                  Conj/Fire      0%         2x1d4     34%         1
 Lesser Beckoning         Tloc           0%         N/A       47%         2
 Gell's Gravitas          Tloc           0%         N/A       71%         3
 Ozocubu's Armour         Ice            0%         N/A       71%         3
 Teleport Other           Tloc           0%         N/A       71%         3
 Metabolic Englaciation   Hex/Ice        0%         N/A       100%        5
 Plasma Beam              Fire/Air       0%         2x1d10    100%        6
 Simulacrum               Ice/Necr       0%         N/A       100%        6
 Starburst                Conj/Fire      0%         6d3       100%        6


Dungeon Overview and Level Annotations

Branches:
Dungeon (6/15)             Temple (1/1) D:5

Altars:
Cheibriados
Dithmenos
Fedhas
Gozag
Hepliaklqana
Kikubaaqudgha
Makhleb
Nemelex Xobeh
Okawaru
Qazlal
Ru
Sif Muna
Vehumet
Xom
Yredelemnul
The Shining One

Annotations:
D:4 2 transporters


Innate Abilities, Weirdness & Mutations

You are a tree.
Your roots penetrate the ground, keeping you stationary.
You cannot be teleported.
You are immune to unholy pain and torment.
Your maximum health is greatly increased.
You cannot wear most types of armour.
((You are amphibious.))
You can wear up to eight rings at the same time.
((Your skin changes colour to match your surroundings (Stealth+).))
((Your rubbery body absorbs attacks. (AC +1, EV +1)))
((You are camouflaged when in or above water. (Stealth+)))
((You have tentacles for arms and can constrict up to eight enemies at once.))
((You have a beak for a mouth.))
You are agile. (Dex +4, Str/Int -1)


Message History

You pummel the sleepcap!!
The sleepcap is almost destroyed.
The sleepcap releases spores at you but does no damage.
Grinder blinks!
The gnoll hits you but does no damage.
You smack the sleepcap!
You destroy the sleepcap!
The gnoll hits you but does no damage.
a - a +0 sling (weapon)
You are now empty-handed.
The gnoll hits you from afar with a +0 spear.
* * * LOW HITPOINT WARNING * * *
You smack Grinder!
You kill Grinder!
The gnoll hits you but does no damage.
Unknown command.
a - a +0 sling (weapon)
Fire: a) +0 sling
Press: ? - help, Q - select action, (/) - cycle Shift-Dir - straight line, f - gnoll
Aim: a gnoll, wielding a +0 spear (64% to hit)
You shoot a sling bullet. The sling bullet hits the gnoll.
The gnoll is moderately wounded.
The gnoll hits you from afar with a +0 spear.
* * * LOW HITPOINT WARNING * * *
The gnoll barely misses you.
Fire: a) +0 sling
Press: ? - help, Q - select action, (/) - cycle Shift-Dir - straight line, f/p - gnoll
Aim: a gnoll, wielding a +0 spear (moderately wounded, 64% to hit)
You shoot a sling bullet. The sling bullet hits the gnoll.
The gnoll is almost dead.
You hear the rusting of a drain very nearby.
The gnoll hits you but does no damage.
Fire: a) +0 sling
Press: ? - help, Q - select action, (/) - cycle Shift-Dir - straight line, f/p - gnoll
Aim: a gnoll, wielding a +0 spear (almost dead, 64% to hit)
You shoot a sling bullet.
The sling bullet hits the gnoll but does no damage.
The gnoll is almost dead.
The gnoll hits you but does no damage.
The gnoll hits you from afar with a +0 spear.
You die...

.... ##.5...§§.##
....g##..........#
....
...g....§..§.§..##
.... #.†....<....#
..... #........#..#
.....
##§....<.#..#......
#.........g#......
#..#.##.##.....#
....#.##.##♣.#..#
.#..##.#..##†....#
. ##....#
.........# ## #.#
#..........
.........##
..........#
.#..........#
###..........#


You could see a gnoll.

Vanquished Creatures
  Grinder (D:6)
  Sigmund (D:5)
  A black bear (D:5)
  An ice beast (D:6)
  2 lemures (D:6)
  A phantom (D:6)
  Blork the orc (D:5)
  A scorpion (D:5)
  A wight (D:6)
  A howler monkey (D:5)
  2 hounds
  A jelly (D:3)
  3 iguanas
  3 sleepcaps
  Terence (D:2)
  4 gnolls (D:5)
  Robin (D:2)
  7 adders
  2 shadow imps
  A white imp (D:5)
  An ufetubus (D:5)
  3 worms
  A dart slug (D:2)
  8 orcs
  5 endoplasms
  4 giant cockroaches (D:2)
  7 goblins
  3 hobgoblins
  8 jackals
  10 kobolds
  7 quokkas
  7 ball pythons
  7 bats
  3 frilled lizards
  5 rats
115 creatures vanquished.

Notes
Turn   | Place    | Note
-------+----------+-------------------------------------------
     0 | D:1      | LeprechaunX the Octopode Shapeshifter began the quest for
                  | the Orb.
     0 | D:1      | Reached XP level 1. HP: 13/13 MP: 1/1
   126 | D:1      | Reached XP level 2. HP: 17/18 MP: 2/2
   470 | D:1      | Reached XP level 3. HP: 14/23 MP: 3/3
   782 | D:2      | Noticed Terence
   790 | D:2      | Killed Terence
   832 | D:2      | Noticed Robin
   837 | D:2      | Killed Robin
   838 | D:2      | Reached XP level 4. HP: 27/29 MP: 4/4
   907 | D:2      | Reached skill level 1 in Evocations
   907 | D:2      | Reached skill level 4 in Shapeshifting
  1070 | D:2      | Found a shadowy altar of Dithmenos.
  1429 | D:3      | Reached XP level 5. HP: 31/34 MP: 5/5
  1972 | D:3      | Found a sacrificial altar of Ru.
  2320 | D:4      | Found a transporter.
  2634 | D:4      | Found a transporter.
  2638 | D:4      | Noticed an ice beast
  2638 | D:4      | Noticed an ice beast
  2638 | D:4      | Noticed an ice beast
  2671 | D:4      | Reached XP level 6. HP: 41/41 MP: 6/6
  2809 | D:4      | Found a basalt altar of Yredelemnul.
  3160 | D:3      | Became a worshipper of Ru the Awakened
  3187 | D:5      | Entered Level 5 of the Dungeon
  3283 | D:5      | Noticed Blork the orc
  3294 | D:5      | Killed Blork the orc
  3295 | D:5      | Reached skill level 5 in Shapeshifting
  3301 | D:5      | Reached XP level 7. HP: 26/46 MP: 7/7
  3591 | D:5      | Found a staircase to the Ecumenical Temple.
  3656 | Temple   | Entered the Ecumenical Temple
  3665 | Temple   | Fell from the grace of Ru
  3665 | Temple   | Became a worshipper of Hepliaklqana the Forgotten
  3995 | D:5      | Found a shimmering blue altar of Sif Muna.
  4151 | D:5      | Noticed Sigmund
  4220 | D:5      | Killed Sigmund
  4651 | D:5      | Reached XP level 8. HP: 45/54 MP: 8/8
  4655 | D:5      | Reached skill level 5 in Unarmed Combat
  4655 | D:5      | Reached skill level 6 in Shapeshifting
  4829 | D:6      | Noticed Grinder
  4867 | D:6      | Gained mutation: You are agile. (Dex +4, Str/Int -1)
                  | [potion of mutation]
  4867 | D:6      | Gained mutation: You have a beak for a mouth. [potion of
                  | mutation]
  4874 | D:6      | HP: 1/81 [gnoll/+0 spear (6)]
  4875 | D:6      | Killed Grinder
  4879 | D:6      | Slain by a gnoll

Illustrated notes

Levels and vault maps discovered:
D:1:      matt_arrival_grand_opening, layout_loops_cross
D:2:      layout_loops_ring, basic_altar, nicolae_kite_square_tiling_tiny,
          minmay_door_square, hangedman_decor_points,
          nicolae_elevator_lobby_plus, uniq_robin, uniq_terence
D:3:      layout_basic, nicolae_overflow_hidden_temple, nicolae_titane
D:4:      gammafunk_cloud_chamber, layout_basic, general_overflow_altar,
          minmay_bisected
D:5:      minmay_octagon_keep, layout_cave_pods, mainiacjoe_overflow_alcove_4,
          minmay_temple_entry_tees, st_stairs_8, grunt_decor_junction,
          uniq_blork_the_orc, uniq_sigmund
D:6:      layout_cave_pools, chequers_temple_overflow_statue_of_worship,
          gup_sewer_entry_bowl, uniq_pikel, uniq_menkaure, uniq_grinder,
          uniq_jeremiah
Temple:   nicolae_temple_ecumenical_triangle

Skill      XL: |  1  2  3  4  5  6  7  8 |
---------------+-------------------------+-----
Fighting       | 2 3 4 |  4.4
Evocations     | 1 2 3 4 |  4.5
Shapeshifting  | 4 5 6 |  6.6
Unarmed Combat | 4 5 |  5.4
Dodging        | |  2.0

Action                     |  1- 3 |  4- 6 |  7- 9 || total
---------------------------+-------+-------+-------++-------
  Melee: Unarmed           |    50 |   127 |    68 ||   245
         Punch             |     1 |     8 |     5 ||    14
         Constrict         |    10 |    35 |    14 ||    59
         Tentacles         |     9 |    22 |    16 ||    47
   Fire: Sling             |       |       |    43 ||    43
    Use: Potion            |       |       |     6 ||     6
   Stab: Sleeping          |     9 |     9 |     1 ||    19
 Armour: Skin              |    13 |    38 |   101 ||   152
  Dodge: Dodged            |    23 |    62 |    40 ||   125

Table legend: (Time is in decaauts)
 A = Elapsed time spent in this place.
 B = Non-inter-level travel time spent in this place.
 C = Inter-level travel time spent in this place.
 D = Time resting spent in this place.
 E = Time spent auto-exploring this place.
 F = Levels seen in this place.
 G = Mean time per level.
                   A        B        C        D        E       F      G
               +--------+--------+--------+--------+--------+-----+--------+
         Total |   4873 |   4296 |    577 |     81 |   3323 |   7 |  696.1 |
       Dungeon |   4854 |   4285 |    569 |     81 |   3323 |   6 |  809.0 |
        Temple |     18 |     10 |      8 |      0 |      0 |   1 |   18.0 |
               +--------+--------+--------+--------+--------+-----+--------+

Top non-repeatable levels by time:
     D:5: 1590 daAuts
     D:4: 938 daAuts
     D:3: 858 daAuts
     D:1: 717 daAuts
     D:2: 665 daAuts
     D:6: 84 daAuts
  Temple: 18 daAuts
